[Event "ICCopen2016"]
[Site "Internet Chess Club"]
[Date "2016.06.04"]
[Round "10"]
[White "arnav311004"]
[Black "Towinning"]
[Result "0-1"]
[ICCResult "White checkmated"]
[WhiteElo "1649"]
[BlackElo "2334"]
[Opening "Alekhine's defense: Scandinavian variation"]
[ECO "B02"]
[NIC "AL.10"]
[Time "15:46:02"]
[TimeControl "180+0"]

1. e4 Nf6 2. Nc3 d5 3. exd5 Nxd5 4. Nf3 Nxc3 5. bxc3 g6 6. Bc4 Bg7 7. O-O
O-O 8. d4 c5 9. h3 Nc6 10. Be3 cxd4 11. cxd4 a6 12. Rb1 b5 13. Bd3 Bb7 14.
c3 Qd6 15. Qe2 e5 16. Rfd1 exd4 17. cxd4 Rfe8 18. Qd2 Nb4 19. Be2 Nd5 20.
Bd3 Nxe3 21. fxe3 Bxf3 22. gxf3 Qe6 23. Be4 Rac8 24. Kg2 f5 25. Bc2 Qxe3 26.
Bb3+ Kh8 27. Qxe3 Rxe3 28. d5 Be5 29. Re1 f4 30. Rxe3 fxe3 31. Kf1 Bf4 32.
Ke2 Kg7 33. Rd1 Kf6 34. Rd4 Ke5 35. Re4+ Kf5 36. Re7 Rc1 37. Rf7+ Ke5 38.
Re7+ Kd6 39. Re6+ Kd7 40. Rxa6 Rh1 41. Ra7+ Kd6 42. Ra6+ Kc5 43. Rc6+ Kd4
44. Re6 Rh2+ 45. Kd1 Kd3 46. Bc2+ Rxc2 47. d6 Rxa2 48. d7 Ra1#
{White checkmated}
0-1

[Event "ICCopen2016"]
[Site "Internet Chess Club"]
[Date "2016.06.04"]
[Round "10"]
[White "cloak1"]
[Black "goran-esyu"]
[Result "1-0"]
[ICCResult "Black resigns"]
[WhiteElo "1835"]
[BlackElo "2165"]
[Opening "Sicilian: Taimanov, American attack"]
[ECO "B45"]
[NIC "SI.39"]
[Time "15:46:21"]
[TimeControl "180+0"]

1. e4 c5 2. Nf3 e6 3. d4 cxd4 4. Nxd4 Nc6 5. Nc3 Nf6 6. Ndb5 Bb4 7. Nd6+ Ke7
8. Nb5 Qa5 9. a3 Bxc3+ 10. Nxc3 Nxe4 11. Qf3 Nxc3 12. bxc3 d6 13. Be2 Ne5
14. Qg3 Ng6 15. a4 Qe5 16. f4 Qe4 17. Ba3 Rd8 18. Rf1 Bd7 19. f5 Ne5 20.
O-O-O exf5 21. Bxd6+ Ke8 22. Qxe5+ Qxe5 23. Bxe5 f6 24. Bf4 Bxa4 25. Rfe1
Kf7 26. Bc4+ Kg6 27. Rd3 Rac8 28. Rxd8 Rxd8 29. Bd3 Rd5 30. g4 Bd7 31. gxf5+
Bxf5 32. Rg1+ Kf7 33. Bc4 Be6 34. Bxd5 Bxd5 35. Rd1 Be6 36. Rd6 {Black
resigns} 1-0

[Event "ICCopen2016"]
[Site "Internet Chess Club"]
[Date "2016.06.04"]
[Round "10"]
[White "Eraser007"]
[Black "Mormegil"]
[Result "1-0"]
[ICCResult "Black forfeits on time"]
[WhiteElo "2204"]
[BlackElo "1675"]
[Opening "Caro-Kann: two knights, 3...Bg4"]
[ECO "B10"]
[NIC "CK.01"]
[Time "15:46:26"]
[TimeControl "180+0"]

1. e4 c6 2. Nf3 d5 3. Nc3 Bg4 4. h3 Bxf3 5. Qxf3 e6 6. d3 Nf6 7. Qg3 g6 8.
Be2 Bg7 9. e5 Nfd7 10. f4 O-O 11. O-O c5 12. Qf2 Nc6 13. g4 Nd4 14. Bd1 f6
15. exf6 Bxf6 16. Ne2 Nxe2+ 17. Qxe2 Qc7 18. Qxe6+ Kh8 19. Qxd5 Bd4+ 20. Kh1
Nf6 21. Qg2 Rae8 22. Bf3 b6 23. g5 Ng8 24. Be4 Ne7 25. c3 Bg7 26. Be3 Nf5
27. Bf2 Qxf4 28. Rae1 Be5 29. Bf3 Nh4 30. Bxh4 Qxh4 31. Bc6 Rxf1+ 32. Rxf1
Rd8 33. Be4 Bf4 34. Qf3 Rf8 35. Qg4 Qxg4 36. hxg4 Kg7 37. Kg2 Bxg5 38. Ra1
Rf4 39. Bf3 Kf6 40. a4 Bh6 41. a5 b5 42. a6 b4 43. c4 Rd4 44. Be4 Bf4 45.
Ra5 h5 46. gxh5 gxh5 47. Rxc5 {Black forfeits on time} 1-0

[Event "ICCopen2016"]
[Site "Internet Chess Club"]
[Date "2016.06.04"]
[Round "10"]
[White "ShadowLike"]
[Black "Kakarotto"]
[Result "1-0"]
[ICCResult "Black resigns"]
[WhiteElo "2037"]
[BlackElo "2587"]
[Opening "Pirc: classical (two knights) system"]
[ECO "B08"]
[NIC "PU.10"]
[Time "15:46:45"]
[TimeControl "180+0"]

1. e4 d6 2. d4 Nf6 3. Nc3 g6 4. Nf3 Bg7 5. Bc4 O-O 6. O-O c6 7. Bb3 Nbd7 8.
Re1 e5 9. Bg5 a5 10. Qd2 Qb6 11. dxe5 Nxe5 12. Qxd6 Nxf3+ 13. gxf3 Nh5 14.
e5 Be6 15. Bxe6 fxe6 16. Qxe6+ Kh8 17. Qg4 Qxb2 18. Ne4 Qxc2 19. e6 Rae8 20.
e7 Rg8 21. Rad1 h6 22. Bh4 Kh7 23. Rd8 Be5 24. Qe6 Qb2 25. Rxe8 Rxe8 26.
Qf7+ Ng7 27. Nf6+ Kh8 28. Qxg6 Bxf6 29. Bxf6 Qxf6 30. Qxf6 Kg8 31. Re5 a4
32. Re4 h5 33. Re5 Kh7 34. Rg5 Rg8 35. Qg6+ {Black resigns} 1-0

[Event "ICCopen2016"]
[Site "Internet Chess Club"]
[Date "2016.06.04"]
[Round "10"]
[White "JimboPi"]
[Black "Xadrez47"]
[Result "0-1"]
[ICCResult "White forfeits on time"]
[WhiteElo "1632"]
[BlackElo "1536"]
[Opening "Blackmar-Diemer gambit"]
[ECO "D00"]
[NIC "QP.07"]
[Time "15:45:48"]
[TimeControl "180+0"]

1. d4 Nf6 2. Nc3 d5 3. e4 dxe4 4. f3 Bf5 5. g4 Bg6 6. g5 Nd5 7. Nxe4 Bxe4 8.
fxe4 Nb6 9. Nf3 Nc6 10. Bb5 a6 11. Bxc6+ bxc6 12. c3 e6 13. Be3 Be7 14. h4
Nc4 15. Bc1 h6 16. Qb3 Nd6 17. Rg1 Nxe4 18. Be3 hxg5 19. hxg5 Nxg5 20. Ne5
Nh3 21. Rxg7 Bh4+ 22. Kd2 Qf6 23. Rxf7 Qxf7 24. Nxf7 Kxf7 25. Rf1+ Ke7 26.
Qa3+ Kd7 27. Rf7+ Kc8 28. Qa5 Bd8 29. a4 Ng5 30. Rg7 Rh2+ 31. Kd3 Nf3 32.
Qc5 Ne1+ 33. Kc4 Nc2 34. Qxc6 Nxe3+ 35. Kb4 Nd5+ 36. Kc5 Rxb2 37. Qxe6+ Kb8
38. Qxd5 Rb6 39. Qd7 Kb7 40. Qc6+ Rxc6+ 41. Kd5 Rd6+ {White forfeits on
time} 0-1

[Event "ICCopen2016"]
[Site "Internet Chess Club"]
[Date "2016.06.04"]
[Round "10"]
[White "ChessGeek"]
[Black "marianzaim"]
[Result "0-1"]
[ICCResult "White forfeits on time"]
[WhiteElo "1745"]
[BlackElo "1923"]
[Opening "Sicilian defense"]
[ECO "B40"]
[NIC "SI.43"]
[Time "15:46:48"]
[TimeControl "180+0"]

1. e4 c5 2. Nf3 e6 3. d3 d5 4. Qe2 dxe4 5. dxe4 Nc6 6. c3 Nf6 7. g3 Be7 8.
Bg2 O-O 9. O-O Qc7 10. Nbd2 e5 11. Nc4 b5 12. Ne3 Nxe4 13. Nd5 Qd6 14. Qxe4
Bb7 15. Nxe7+ Qxe7 16. Bg5 f6 17. Bd2 Nd4 18. Qd3 e4 19. Rfe1 exd3 20. Rxe7
Nxf3+ 21. Bxf3 Bxf3 22. Rae1 Be2 23. Be3 c4 24. Bc5 Rfe8 25. Rd7 a6 26. f4
Re6 27. Kf2 f5 28. Bd4 Rae8 29. Rxg7+ Kf8 30. Rxh7 Re4 31. h4 d2 32. Rh8+
Kf7 33. Rh7+ Kg6 34. Rg7+ Kh5 35. Rg5+ Kh6 36. Bg7+ Kh7 37. Rd1 Bxd1 38. Be5
Bg4 39. Rg7+ Kh6 40. h5 Kxh5 41. Rg5+ Kh6 42. Rg7 d1=Q 43. Rg5 Qf3+
{White forfeits on time}
0-1

[Event "ICCopen2016"]
[Site "Internet Chess Club"]
[Date "2016.06.04"]
[Round "10"]
[White "Last7Samurai"]
[Black "Red-white"]
[Result "0-1"]
[ICCResult "White resigns"]
[WhiteElo "2797"]
[BlackElo "3042"]
[Opening "Ruy Lopez: closed, Breyer, Borisenko variation"]
[ECO "C95"]
[NIC "RL.25"]
[Time "15:46:05"]
[TimeControl "180+0"]

1. e4 e5 2. Nf3 Nc6 3. Bb5 a6 4. Ba4 Nf6 5. O-O Be7 6. Re1 d6 7. c3 O-O 8.
h3 b5 9. Bb3 Nb8 10. d4 Nbd7 11. Nbd2 Bb7 12. a4 c5 13. d5 Qc7 14. Nf1 Rfb8
15. Ng3 g6 16. Nh2 Bc8 17. Bc2 c4 18. f4 exf4 19. Bxf4 Ne5 20. Kh1 Bd7 21.
Rf1 bxa4 22. Nf3 Rxb2 23. Nxe5 dxe5 24. Bg5 Rb6 25. Rf3 Rf8 26. Bh6 Rfb8 27.
Qe2 a3 28. Nf5 Bxf5 29. exf5 e4 30. Re3 Rb2 31. Rxe4 Nxe4 32. Qxe4 Bf6 33.
Re1 Qd7 34. Qf4 Bxc3 35. Rf1 a2 36. fxg6 hxg6 37. Ba4 Qf5 38. Qxc4 Qxf1+ 39.
Qxf1 Rb1 40. Bd1 a1=Q {White resigns} 0-1

[Event "ICCopen2016"]
[Site "Internet Chess Club"]
[Date "2016.06.04"]
[Round "10"]
[White "gannikus1992"]
[Black "AllGunsBlazing"]
[Result "0-1"]
[ICCResult "White forfeits on time"]
[WhiteElo "2259"]
[BlackElo "2693"]
[Opening "Caro-Kann: advance variation"]
[ECO "B12"]
[NIC "CK.02"]
[Time "15:46:10"]
[TimeControl "180+0"]

1. e4 c6 2. d4 d5 3. e5 c5 4. Nf3 Nc6 5. dxc5 Bg4 6. Bb5 Qa5+ 7. Nc3 e6 8.
Be3 Ne7 9. h3 Bxf3 10. Qxf3 a6 11. Bxc6+ Nxc6 12. O-O-O Bxc5 13. Bxc5 Qxc5
14. Rhe1 O-O 15. Kb1 d4 16. Ne2 Qxe5 17. Nxd4 Nxd4 18. Rxe5 Nxf3 19. gxf3
Rfd8 20. Kc1 Kf8 21. Re4 Rxd1+ 22. Kxd1 Rd8+ 23. Ke2 Rd5 24. a4 a5 25. c3
Ke7 26. b4 b6 27. Rc4 Kd7 28. b5 g5 29. Ke3 h5 30. f4 gxf4+ 31. Kxf4 Rf5+
32. Kg3 Rg5+ 33. Kh4 Rf5 34. f4 f6 35. Kg3 Rd5 36. Rc6 Rd3+ 37. Kh4 Rf3 38.
Rxb6 Rxf4+ 39. Kxh5 Rxa4 40. h4 Rc4 41. Ra6 Rxc3 42. Rxa5 f5 43. Ra1 Rb3 44.
Kg6 Rxb5 45. h5 Rb2 46. Rh1 Ke7 47. h6 Rg2+ 48. Kh5 Kf6 49. Rh3 e5 50. h7
Kg7 51. Ra3 Kxh7 52. Ra5 Re2 53. Kg5 f4 54. Kg4 Kg6 55. Ra6+ Kf7 56. Rb6 Re3
57. Ra6 f3 58. Kg3 e4 59. Ra4 Re2 60. Ra7+ Ke6 61. Ra6+ Kd5 62. Ra5+ Kc4 63.
Ra4+ Kb3 64. Ra8 f2 65. Rb8+ Kc3 66. Rc8+ Kd2 67. Rf8 Ke1 68. Rxf2 Rxf2
{White forfeits on time}
0-1

[Event "ICCopen2016"]
[Site "Internet Chess Club"]
[Date "2016.06.04"]
[Round "10"]
[White "doug50"]
[Black "kfactor"]
[Result "1-0"]
[ICCResult "Black checkmated"]
[WhiteElo "1290"]
[BlackElo "1360"]
[Opening "Levitsky attack (Queen's bishop attack)"]
[ECO "D00"]
[NIC "QP.08"]
[Time "15:46:33"]
[TimeControl "180+0"]

1. d4 d5 2. Bg5 h6 3. Bh4 g5 4. Bg3 e6 5. e3 c6 6. c3 Bd6 7. Nf3 Bxg3 8.
hxg3 Qe7 9. Bd3 Nd7 10. Qc2 b6 11. Nbd2 a5 12. O-O-O Ba6 13. Rde1 Bxd3 14.
Qxd3 b5 15. e4 Nb6 16. exd5 cxd5 17. Ne5 Nc4 18. Ndxc4 bxc4 19. Qc2 Qc7 20.
a3 Ne7 21. Ng4 Kd8 22. Rxh6 Rxh6 23. Nxh6 Nf5 24. Nxf5 exf5 25. Qxf5 Qd7 26.
Qxd7+ Kxd7 27. Re2 Rh8 28. Kc2 a4 29. Re5 Kd6 30. Rxg5 Rh2 31. Rf5 Ke6 32.
Rf3 Rxg2 33. Rf4 f6 34. Kd2 f5 35. Ke2 Rg1 36. Kd2 Rb1 37. Kc2 Rf1 38. Rf3
Rg1 39. Re3+ Kd6 40. Re2 Rg2 41. Kd2 Rg1 42. Ke3 Rh1 43. Kf4 Rh5 44. Re5 Rh2
45. Re2 Rh5 46. Re5 Rh2 47. Kf3 Rh1 48. Re2 Rh8 49. Kf4 Rf8 50. Re5 Rb8 51.
Re2 Rf8 52. f3 Rf7 53. g4 fxg4+ 54. Kxg4 Rg7+ 55. Kf4 Rf7+ 56. Ke3 Re7+ 57.
Kf2 Rh7 58. f4 Rh2+ 59. Kf3 Rh3+ 60. Kg4 Rh8 61. f5 Rf8 62. Kg5 Kd7 63. Kg6
Rg8+ 64. Kf7 Rh8 65. f6 Rh7+ 66. Kg6 Rh8 67. f7 Rh1 68. f8=Q Rg1+ 69. Kf7
Rf1+ 70. Kg6 Rxf8 71. Kg5 Rg8+ 72. Kf5 Rf8+ 73. Kg6 Rh8 74. Kg7 Rh1 75. Kf6
Rf1+ 76. Kg5 Rf8 77. Kg4 Rg8+ 78. Kf4 Rf8+ 79. Kg3 Rg8+ 80. Kf4 Rh8 81. Kf3
Rg8 82. Rg2 Rg7 83. Rxg7+ Ke6 84. Rg5 Kf6 85. Kf4 Ke6 86. Rh5 Kd6 87. Re5
Kc6 88. Kf5 Kd6 89. Kf6 Kc6 90. Ke6 Kb5 91. Rxd5+ Ka6 92. Rc5 Kb6 93. Rxc4
Ka5 94. Rc5+ Ka6 95. c4 Kb6 96. Rb5+ Ka6 97. d5 Ka7 98. d6 Ka6 99. d7 Ka7
100. d8=Q Ka6 101. Qb6# {Black checkmated} 1-0

[Event "ICCopen2016"]
[Site "Internet Chess Club"]
[Date "2016.06.04"]
[Round "10"]
[White "jupitor1"]
[Black "drsigmund1"]
[Result "0-1"]
[ICCResult "White forfeits on time"]
[WhiteElo "927"]
[BlackElo "1274"]
[Opening "French: King's Indian attack"]
[ECO "C00"]
[NIC "FR.02"]
[Time "15:46:34"]
[TimeControl "180+0"]

1. e4 e6 2. d3 d5 3. Nc3 c5 4. d4 cxd4 5. Qxd4 Nc6 6. Bb5 Bd7 7. Bxc6 bxc6
8. exd5 cxd5 9. Qe5 Qf6 10. Nf3 Qxe5+ 11. Nxe5 Nf6 12. Nxd7 Nxd7 13. O-O Be7
14. Re1 O-O 15. Bf4 Bb4 16. Re2 Bxc3 17. bxc3 Rac8 18. Bd6 Rfe8 19. Bb4 Nf6
20. Rd1 Ne4 21. Rd3 h6 22. f3 Nc5 23. Bxc5 Rxc5 24. Kf2 Ra5 25. Rd4 Rxa2 26.
Rb4 a5 27. Rb7 a4 28. Ra7 Ra3 29. Rd2 Rc8 30. Rd4 Rc4 31. Rxc4 dxc4 32. Ra5
Kh7 33. Ke3 Kg6 34. Kd4 f5 35. g3 h5 36. Kxc4 Kg5 37. Kb4 Ra2 38. Rxa4 Rxc2
39. Ra5 Rxh2 40. c4 Rh3 {White forfeits on time} 0-1

[Event "ICCopen2016"]
[Site "Internet Chess Club"]
[Date "2016.06.04"]
[Round "10"]
[White "dafresh"]
[Black "TURNER"]
[Result "1-0"]
[ICCResult "Black forfeits on time"]
[WhiteElo "2169"]
[BlackElo "1823"]
[Opening "Robatsch (modern) defense"]
[ECO "A40"]
[NIC "KF.05"]
[Time "15:47:01"]
[TimeControl "180+0"]

1. d4 g6 2. e4 Bg7 3. c3 c5 4. dxc5 Nf6 5. f3 Nc6 6. Be3 O-O 7. Nh3 d6 8.
Nf2 d5 9. Bb5 a6 10. Bxc6 bxc6 11. Nd2 Rb8 12. Qc2 e5 13. O-O Re8 14. Rad1
Nh5 15. exd5 cxd5 16. Nc4 Be6 17. Nb6 d4 18. cxd4 exd4 19. Ne4 Bf5 20. Bf2
Nf4 21. Qc4 Be6 22. Qa4 Nd5 23. Bxd4 Bxd4+ 24. Qxd4 Rxb6 25. cxb6 Qb8 26.
Nf6+ Nxf6 27. Qxf6 Bxa2 28. Kh1 Be6 29. Qd4 a5 30. Rfe1 a4 31. Qd6 Qa8 32.
Qc7 a3 33. b7 {Black forfeits on time} 1-0

[Event "ICCopen2016"]
[Site "Internet Chess Club"]
[Date "2016.06.04"]
[Round "10"]
[White "livis"]
[Black "VrloJakMK"]
[Result "0-1"]
[ICCResult "White forfeits on time"]
[WhiteElo "1929"]
[BlackElo "2215"]
[Opening "French: advance, Nimzovich system"]
[ECO "C02"]
[NIC "FR.03"]
[Time "15:46:48"]
[TimeControl "180+0"]

1. e4 e6 2. d4 d5 3. e5 c5 4. Nf3 Nc6 5. Be2 Bd7 6. c3 Nge7 7. O-O cxd4 8.
cxd4 Nf5 9. Nc3 Be7 10. Be3 a6 11. a3 g5 12. Qd2 g4 13. Ne1 h5 14. f3 Na5
15. fxg4 hxg4 16. Nc2 g3 17. h3 Nb3 18. Qd3 Nxa1 19. Rxa1 Bg5 20. Rf1 Bxe3+
21. Nxe3 Nxe3 22. Qxe3 Qh4 23. Bg4 Rh7 24. b4 O-O-O 25. Ne2 Bb5 26. Rf4 Kb8
27. Nxg3 Qg5 28. Qf2 Rd7 29. Nf1 Bxf1 30. Qxf1 Rc7 31. Qf2 Qg6 32. Kh2 Rc3
33. a4 Rc4 34. b5 a5 35. Rf6 Qxg4 36. Rxf7 Rxf7 37. Qxf7 Qf5 38. Qe8+ Ka7
39. b6+ Kxb6 40. Qb5+ Kc7 41. Qxa5+ Kd7 42. Qb5+ Kd8 43. Qa5+ Ke8 44. Qb5+
Kf8 {White forfeits on time} 0-1

[Event "ICCopen2016"]
[Site "Internet Chess Club"]
[Date "2016.06.04"]
[Round "10"]
[White "EEJ"]
[Black "SIRPALADIN"]
[Result "0-1"]
[ICCResult "White forfeits on time"]
[WhiteElo "1723"]
[BlackElo "1922"]
[Opening "Sicilian: Grand Prix attack"]
[ECO "B21"]
[NIC "SI.48"]
[Time "15:46:48"]
[TimeControl "180+0"]

1. e4 c5 2. f4 d5 3. exd5 Qxd5 4. Nf3 Nc6 5. Bb5 Bd7 6. O-O Nf6 7. Nc3 Qd6
8. d3 e6 9. Ne4 Nxe4 10. dxe4 Qc7 11. e5 a6 12. Bxc6 Bxc6 13. Be3 Be7 14.
Qe2 b6 15. b3 g6 16. c4 O-O 17. Rad1 Rad8 18. Rxd8 Rxd8 19. Rd1 Rxd1+ 20.
Qxd1 Qb7 21. Kf2 Kg7 22. Qd2 b5 23. Qc3 bxc4 24. Qxc4 Bb5 25. Qc2 Qd5 26. a4
Bc6 27. Qc4 Qxc4 28. bxc4 Bxa4 29. Ne1 Bb3 30. Nd3 Bxc4 31. Nxc5 a5 32. Ke1
Bb5 33. Kd2 Bd8 34. g3 h5 35. Kc3 Kf8 36. Bd4 Ke8 37. Nb7 Bc7 38. Bc5 Kd7
39. Bd6 Bb6 40. Bf8 Ke8 41. Bc5 Bxc5 42. Nxc5 Ke7 43. Nb7 a4 44. Nd6 Bd7 45.
Kb4 f6 46. Ka3 fxe5 47. fxe5 g5 48. Kb4 Kf8 49. Ka3 Kg7 50. Kb4 Kg6 51. Kc3
g4 52. Kb4 Kg5 53. Kc3 h4 54. Kb4 Bc6 55. Nc4 Kf5 56. Kc3 Bd7 57. Nb6 Bc6
58. Nc4 Be8 59. Nb6 Kxe5 60. Nc4+ Ke4 61. Nb6 Kf3 62. gxh4 Kg2 63. h5 Kxh2
64. Nxa4 Bxh5 65. Nc5 g3 66. Nxe6 g2 67. Nf4 g1=Q 68. Ng2 Qxg2
{White forfeits on time}
0-1

[Event "ICCopen2016"]
[Site "Internet Chess Club"]
[Date "2016.06.04"]
[Round "10"]
[White "Yedixon"]
[Black "ELVIS71"]
[Result "0-1"]
[ICCResult "White forfeits on time"]
[WhiteElo "1300"]
[BlackElo "1688"]
[Opening "Bird's opening"]
[ECO "A02"]
[NIC "VO.07"]
[Time "15:46:49"]
[TimeControl "180+0"]

1. f4 Nc6 2. Nf3 d6 3. e4 g6 4. Bb5 Bg7 5. d3 Bd7 6. Bxc6 Bxc6 7. Nc3 e5 8.
O-O Ne7 9. Qe1 O-O 10. Qh4 Nc8 11. Qh3 Bd7 12. f5 Ne7 13. Nh4 c6 14. Qg3
gxf5 15. exf5 f6 16. Ne4 Be8 17. Bh6 Rf7 18. Nxf6+ Kh8 19. Nxe8 Qxe8 20. Be3
Bf6 21. Rf3 Qg8 22. Qxg8+ Rxg8 23. Rh3 Bxh4 24. Rxh4 Nxf5 25. Rh3 Nxe3 26.
Rxe3 Rgf8 27. Rae1 Rf2 28. R3e2 Rxe2 29. Rxe2 Kg7 30. h3 h5 31. g4 hxg4 32.
hxg4 Kg6 33. Kg2 Kg5 34. Kg3 Rf4 35. Rf2 Rxf2 36. Kh3 Rxc2 37. Kg3 Rxb2 38.
Kf3 Rxa2 39. Kg3 Rb2 40. Kf3 Rb3 41. Kg3 Rxd3+ 42. Kg2 Rd2+ 43. Kf3 Rd3+
{White forfeits on time}
0-1

[Event "ICCopen2016"]
[Site "Internet Chess Club"]
[Date "2016.06.04"]
[Round "10"]
[White "d13gocr"]
[Black "cstefan"]
[Result "0-1"]
[ICCResult "White forfeits on time"]
[WhiteElo "1758"]
[BlackElo "1996"]
[Opening "Sicilian: Boleslavsky variation"]
[ECO "B58"]
[NIC "SI.25"]
[Time "15:46:45"]
[TimeControl "180+0"]

1. e4 c5 2. Nf3 d6 3. d4 cxd4 4. Nxd4 Nf6 5. Nc3 Nc6 6. Be2 e5 7. Ndb5 a6 8.
Na3 b5 9. Nd5 Be6 10. c4 b4 11. Nc2 Nxe4 12. Bf3 f5 13. Bxe4 f4 14. O-O Be7
15. Qh5+ g6 16. Bxg6+ hxg6 17. Qxh8+ Kd7 18. Qxd8+ Bxd8 19. Ncxb4 Nxb4 20.
Nxb4 Bb6 21. b3 Bd4 22. Ba3 Bxa1 23. Rxa1 a5 24. Nc2 Kc6 25. Kf1 a4 26. Nb4+
Kd7 27. Ke2 axb3 28. axb3 g5 29. f3 g4 30. Bb2 Rb8 31. Bc3 Rb7 32. Ra6 Bg8
33. h3 gxh3 34. gxh3 Be6 35. h4 Bf5 36. Nd5 Rxb3 37. Ra7+ Ke8 38. Ba5 Bd3+
39. Kd2 Bxc4 40. Nf6+ Kf8 41. Ne4 d5 42. Ng5 Rb2+ 43. Kc3 Rh2 44. Bc7 Rxh4
45. Bxe5 Rh5 46. Bxf4 Ke8 47. Kd4 Rh4 48. Ke5 Bb3 49. Ke6 Kd8 50. Bd6 Kc8
51. Nf7 d4+ 52. Ke7 Bxf7 53. Kxf7 d3 {White forfeits on time} 0-1

[Event "ICCopen2016"]
[Site "Internet Chess Club"]
[Date "2016.06.04"]
[Round "11"]
[White "MBJPM"]
[Black "Entoloma"]
[Result "1/2-1/2"]
[ICCResult "Game drawn by mutual agreement"]
[WhiteElo "1872"]
[BlackElo "1957"]
[Opening "Pirc: Ufimtsev-Pytel variation"]
[ECO "B07"]
[NIC "PU.08"]
[Time "15:54:26"]
[TimeControl "180+0"]

1. e4 d6 2. d4 Nf6 3. Nc3 c6 4. Nf3 Bg4 5. Be2 e6 6. h3 Bh5 7. e5 Nd5 8. Ne4
dxe5 9. Nxe5 Bxe2 10. Qxe2 Be7 11. c3 Nd7 12. Nc4 N7b6 13. Ne5 Nd7 14. Nc4
N7b6 {Game drawn by mutual agreement} 1/2-1/2

[Event "ICCopen2016"]
[Site "Internet Chess Club"]
[Date "2016.06.04"]
[Round "11"]
[White "hgarjur"]
[Black "Pawnchain"]
[Result "1-0"]
[ICCResult "Black checkmated"]
[WhiteElo "1811"]
[BlackElo "1334"]
[Opening "Ruy Lopez: old Steinitz defense"]
[ECO "C62"]
[NIC "RL.02"]
[Time "15:55:16"]
[TimeControl "180+0"]

1. e4 e5 2. Nf3 Nc6 3. Bb5 d6 4. c3 Ne7 5. h3 Be6 6. d4 f6 7. d5 Nxd5 8.
exd5 Bxd5 9. Qxd5 Be7 10. Bxc6+ bxc6 11. Qxc6+ Qd7 12. Qxa8+ Qd8 13. Qxd8+
Kf7 14. Nbd2 Kg6 15. Qxh8 Kh6 16. Ne4+ Kh5 17. Qxg7 f5 18. g4+ fxg4 19.
Qxg4# {Black checkmated} 1-0

[Event "ICCopen2016"]
[Site "Internet Chess Club"]
[Date "2016.06.04"]
[Round "11"]
[White "hipopotamos"]
[Black "Govindan"]
[Result "0-1"]
[ICCResult "White checkmated"]
[WhiteElo "1069"]
[BlackElo "1394"]
[Opening "Three knights game"]
[ECO "C46"]
[NIC "KP.06"]
[Time "15:54:06"]
[TimeControl "180+0"]

1. e4 e5 2. Nf3 Nc6 3. Nc3 d6 4. Bb5 Bg4 5. d3 Nf6 6. Bg5 Be7 7. O-O O-O 8.
Nd5 Nxd5 9. exd5 Nd4 10. Bxe7 Qxe7 11. Bc4 Qf6 12. c3 Nxf3+ 13. gxf3 Bxf3
14. Qd2 Qg6+ 15. Qg5 Qxg5# {White checkmated} 0-1

[Event "ICCopen2016"]
[Site "Internet Chess Club"]
[Date "2016.06.04"]
[Round "11"]
[White "Sebs"]
[Black "aplusk"]
[Result "0-1"]
[ICCResult "White resigns"]
[WhiteElo "2976"]
[BlackElo "2933"]
[Opening "QGD: Albin counter-gambit"]
[ECO "D08"]
[NIC "QG.02"]
[Time "15:54:49"]
[TimeControl "180+0"]

1. d4 d5 2. c4 e5 3. dxe5 d4 4. Nf3 Nc6 5. a3 Nge7 6. b4 Ng6 7. Bb2 a5 8. b5
Ncxe5 9. Bxd4 Nxf3+ 10. exf3 Be6 11. Nc3 Be7 12. Bxg7 Rg8 13. Bd4 Bf6 14.
Bxf6 Qxf6 15. Rb1 Qxc3+ {White resigns} 0-1

[Event "ICCopen2016"]
[Site "Internet Chess Club"]
[Date "2016.06.04"]
[Round "11"]
[White "BlitzorDDD"]
[Black "gsvc"]
[Result "1/2-1/2"]
[ICCResult "Game drawn by mutual agreement"]
[WhiteElo "3037"]
[BlackElo "2906"]
[Opening "English: symmetrical, Geller variation"]
[ECO "A33"]
[NIC "EO.32"]
[Time "15:54:32"]
[TimeControl "180+0"]

1. c4 c5 2. Nf3 Nf6 3. Nc3 Nc6 4. d4 cxd4 5. Nxd4 e6 6. g3 Qb6 7. Nb3 Ne5 8.
Bg2 Nxc4 9. O-O d5 10. e4 dxe4 11. Qe2 Nd6 12. Be3 Qa6 13. Qxa6 bxa6 14. Nc5
Nf5 15. N5xe4 Nxe3 16. Nxf6+ gxf6 17. Bxa8 Nxf1 18. Kxf1 Bc5 19. Ne4 Be7 20.
Rc1 Kd8 {Game drawn by mutual agreement} 1/2-1/2

[Event "ICCopen2016"]
[Site "Internet Chess Club"]
[Date "2016.06.04"]
[Round "11"]
[White "GodspeedR8"]
[Black "DARKwizard1"]
[Result "0-1"]
[ICCResult "White resigns"]
[WhiteElo "1966"]
[BlackElo "2329"]
[Opening "KP: Nimzovich defense"]
[ECO "B00"]
[NIC "VO.05"]
[Time "15:54:56"]
[TimeControl "180+0"]

1. e4 Nc6 2. Nf3 d5 3. exd5 Qxd5 4. Nc3 Qd8 5. Bb5 Nf6 6. Ne5 Qd6 7. Nxc6
bxc6 8. Be2 e5 9. O-O Be7 10. Bf3 O-O 11. Ne4 Qe6 12. Nxf6+ Bxf6 13. d3 Rb8
14. Be4 Rd8 15. Qf3 c5 16. Be3 c4 17. dxc4 Qxc4 18. Rfd1 Rxd1+ 19. Rxd1 Rxb2
20. Qxf6 gxf6 21. Bh6 Qd4 {White resigns} 0-1

[Event "ICCopen2016"]
[Site "Internet Chess Club"]
[Date "2016.06.04"]
[Round "11"]
[White "Baltimora"]
[Black "HouseOfFun"]
[Result "0-1"]
[ICCResult "White resigns"]
[WhiteElo "2262"]
[BlackElo "2465"]
[Opening "QGD: Grau (Sahovic) defense"]
[ECO "D06"]
[NIC "QP.08"]
[Time "15:53:49"]
[TimeControl "180+0"]

1. d4 d5 2. c4 Bf5 3. Nc3 e6 4. Nf3 Nc6 5. Bg5 Be7 6. Bxe7 Ncxe7 7. e3 Nf6
8. Bd3 c6 9. O-O O-O 10. Rc1 Re8 11. Ne5 Nd7 12. Bxf5 Nxf5 13. Nxd7 Qxd7 14.
Qb3 Nd6 15. cxd5 exd5 16. Na4 Rab8 17. Qc2 Qg4 18. Qd1 Qg6 19. Qc2 Nf5 20.
Nc5 Qg5 21. Kh1 Nh4 22. f4 Qh5 23. Qf2 Nf5 24. Rce1 Nd6 25. Qf3 Qh6 26. g4
b6 27. Nd7 Rbc8 28. Ne5 f6 29. Nd3 Nc4 30. e4 Nd2 {White resigns} 0-1

[Event "ICCopen2016"]
[Site "Internet Chess Club"]
[Date "2016.06.04"]
[Round "11"]
[White "Elcid"]
[Black "JimboPi"]
[Result "1-0"]
[ICCResult "Black checkmated"]
[WhiteElo "1186"]
[BlackElo "1602"]
[Opening "Catalan opening"]
[ECO "E00"]
[NIC "CA.01"]
[Time "15:53:56"]
[TimeControl "180+0"]

1. d4 Nf6 2. c4 e6 3. g3 d5 4. Qc2 c6 5. Bg2 Be7 6. Nf3 h6 7. O-O Bd7 8.
Nbd2 b6 9. Rd1 Na6 10. a3 Nc7 11. b4 O-O 12. Bb2 Rc8 13. e4 dxe4 14. Nxe4
Nxe4 15. Qxe4 Bf6 16. Ne5 Ne8 17. Nxd7 Qxd7 18. Rd2 Nd6 19. Qe2 Rfd8 20. d5
cxd5 21. Bxf6 gxf6 22. cxd5 Nc4 23. Rd4 exd5 24. Rxd5 Qxd5 25. Bxd5 Rxd5 26.
Qg4+ Kh7 27. Qe4+ f5 28. Qxd5 Nd2 29. Qxf7+ Kh8 30. Rd1 Nf3+ 31. Kg2 Ng5 32.
Qf6+ Kh7 33. Rd7+ Nf7 34. Rxf7+ Kg8 35. Qg7# {Black checkmated} 1-0

[Event "ICCopen2016"]
[Site "Internet Chess Club"]
[Date "2016.06.04"]
[Round "11"]
[White "Darnoc"]
[Black "Danya"]
[Result "1-0"]
[ICCResult "Black resigns"]
[WhiteElo "2931"]
[BlackElo "3012"]
[Opening "Modern defense"]
[ECO "A40"]
[NIC "QO.17"]
[Time "15:55:05"]
[TimeControl "180+0"]

1. d4 g6 2. c4 Bg7 3. Nf3 b6 4. e4 Bb7 5. Bd3 e6 6. Nc3 d6 7. h4 h6 8. Be3
Nd7 9. d5 e5 10. h5 g5 11. g4 Ne7 12. Nd2 c5 13. a3 O-O 14. b4 a6 15. f3 Qc7
16. Kf2 Rfc8 17. Qe2 b5 18. Rhc1 bxc4 19. Nxc4 Bf8 20. Na4 a5 21. bxc5 dxc5
22. d6 Qc6 23. dxe7 Bxe7 24. Nc3 Qe6 25. Rab1 Bc6 26. Nd5 Bf8 27. Ndb6 Nxb6
28. Nxb6 {Black resigns} 1-0